 Dungeon Crawl Stone Soup version 0.29.0-13-gc9e81de378 (webtiles) character file.

Game seed: 10208739389534201790

11808 groovy9 the Grappler (level 11, -5/113 HPs)
             Began as a Troll Berserker on Sept 8, 2022.
             Was an Elder of Trog.
             Slain by a five-headed hydra (13 damage)
             ... on level 3 of the Lair of Beasts.
             The game lasted 00:32:12 (8642 turns).

groovy9 the Grappler (Troll Berserker)              Turns: 8642, Time: 00:32:13

Health: -5/113     AC:  8    Str: 31    XL:     11   Next: 54%
Magic:  10/10      EV: 16    Int:  3    God:    Trog [****..]
Gold:   638        SH:  0    Dex:  9    Spells: 10/10 levels left

rFire   . . .      SeeInvis .     - Unarmed
rCold   + . .      Faith    .   (no shield)
rNeg    . . .      Spirit   .   n - +1 robe {rC+}
rPois   .          Reflect  .   (helmet restricted)
rElec   .          Harm     .   s - +2 cloak
rCorr   .          Rampage  .   (gloves unavailable)
Will    .....                   (boots unavailable)
Stlth   +.........              e - amulet of the acrobat
HPRegen 1.08/turn               h - +4 ring of evasion
MPRegen 0.12/turn               t - +4 ring of slaying

@: no status effects
A: large, unfitting armour, claws 3, regeneration 1, shaggy fur 1, tough skin 1,
antennae 1
a: Renounce Religion, Berserk, Trog's Hand, Brothers in Arms


You were on level 3 of the Lair of Beasts.
You worshipped Trog.
Trog was greatly pleased with you.
You visited 2 branches of the dungeon, and saw 11 of its levels.

You collected 737 gold pieces.
You spent 99 gold pieces at shops.

Inventory:

Missiles
 c - 5 boomerangs
 j - a large rock (quivered)
 w - 6 javelins
Armour
 n - a +1 robe of cold resistance (worn)
 s - a +2 cloak (worn)
Jewellery
 e - an amulet of the acrobat (around neck)
 g - a ring of ice
 h - a +4 ring of evasion (left claw)
 t - a +4 ring of slaying (right claw)
Wands
 d - a wand of paralysis (6)
 f - a wand of flame (29)
 r - a wand of polymorph (10)
Scrolls
 a - a scroll of identify
 l - 3 scrolls of fog
 o - a scroll of amnesia
 p - 2 scrolls of vulnerability
 v - a scroll of magic mapping
 x - a scroll of immolation
 y - a scroll of poison
Potions
 b - a potion of mutation
 i - 3 potions of degeneration
 k - 4 potions of curing
 m - a potion of brilliance
 q - a potion of lignification
 u - a potion of attraction


   Skills:
 + Level 8.7 Fighting
 + Level 4.4 Throwing
 + Level 8.7 Dodging
 + Level 10.4 Unarmed Combat
 + Level 3.6 Evocations


You had 10 spell levels left.
You didn't know any spells.
Your spell library was empty.

Dungeon Overview and Level Annotations

Branches:
Dungeon (8/15)             Temple (0/1) D:4            Lair (3/5) D:8
 Shoals (0/4) Lair:2
  Snake: Lair:2-3    Spider: Lair:2-3

Altars:
Ru
Sif Muna
Xom
Zin

Shops:
D:6 !

Annotations:
Lair:1 1 runed translucent door, bwicke's ghost, journeyman OpGl


Innate Abilities, Weirdness & Mutations

You are too large for most types of armour.
You have claws for hands.
Your natural rate of healing is unusually fast.
You are covered in fur. (AC +1)
You have tough skin. (AC +1)
You have a pair of small antennae on your head.


Message History

The five-headed hydra bites you! The five-headed hydra misses you.
Aiming: Throw Flame
Press: ? - help, Q - select action, (/) - cycle Shift-Dir - straight line, f/p - five-headed hydra
Aim: a five-headed hydra (lightly wounded, 90% to hit)
The puff of flame hits the five-headed hydra!
The five-headed hydra is moderately wounded.
The five-headed hydra bites you!
The five-headed hydra closely misses you.
The five-headed hydra bites you!
The five-headed hydra completely misses you.
The five-headed hydra bites you. The cane toad completely misses you.
Throw: 3 large rocks
Press: ? - help, Q - select action, (/) - cycle Shift-Dir - straight line, f/p - five-headed hydra
Aim: a five-headed hydra (moderately wounded, 82% to hit)
You throw a large rock.
The large rock hits the five-headed hydra!
The five-headed hydra is heavily wounded.
The cane toad closely misses you.
The five-headed hydra bites you but does no damage. x2
The five-headed hydra bites you! The five-headed hydra bites you. x2
The cane toad stings you!
* * * LOW HITPOINT WARNING * * *
Throw: 2 large rocks
Press: ? - help, Q - select action, (/) - cycle Shift-Dir - straight line, f/p - five-headed hydra
Aim: a five-headed hydra (moderately wounded, 82% to hit)
You throw a large rock.
The large rock barely misses the five-headed hydra.
The five-headed hydra bites you.
* * * LOW HITPOINT WARNING * * *
The five-headed hydra misses you. The five-headed hydra bites you.
* * * LOW HITPOINT WARNING * * *
The five-headed hydra barely misses you.
The five-headed hydra bites you but does no damage.
The cane toad completely misses you. The five-headed hydra bites you!
* * * LOW HITPOINT WARNING * * *
The five-headed hydra bites you!
* * * LOW HITPOINT WARNING * * *
The five-headed hydra misses you. The five-headed hydra bites you!
You die...

##..## #..P###
##...P###### ####
##........#.# ####
...###..####.....##P..###
.......## ###...........
......## ####.....##.
.....## # #......##
....#.# #.#.@...##
...#### #.FD.#..# ..##
#....##### ..# #.....(#
..# #.....### P## #....#
.# #....# ## ..... ##
..###


You could see a five-headed hydra and a cane toad.

Vanquished Creatures
  Fannar (Lair:2)
  A two-headed ogre (D:8)
  2 black mambas
  Joseph (D:7)
  A rime drake (Lair:1)
  2 cane toads (Lair:1)
  A komodo dragon (Lair:3)
  A hornet (D:8)
  Prince Ribbit (D:5)
  11 blink frogs (Lair:1)
  A snapping turtle (Lair:2)
  A wyvern (Lair:2)
  16 yaks
  Eustachio (D:5)
  A steam dragon (D:7)
  Menkaure (D:5)
  4 water moccasins
  2 ice beasts
  A sky beast (D:6)
  An ogre (D:5)
  2 centaurs
  2 kobold brigands (D:8)
  7 bullfrogs
  A scorpion (D:7)
  A gnoll sergeant (D:6)
  4 wights (D:6)
  11 killer bees
  2 electric eels
  A jelly (D:5)
  4 orc priests
  6 hounds
  3 iguanas
  5 orc wizards
  9 adders
  10 gnolls
  2 shadow imps
  3 white imps
  An ufetubus (D:5)
  2 dart slugs
  19 orcs
  2 bats
  3 endoplasms
  A giant cockroach (D:1)
  9 goblins
  8 hobgoblins
  9 jackals
  4 quokkas
  7 ball pythons
  3 frilled lizards
  10 kobolds
  6 rats
208 creatures vanquished.

Vanquished Creatures (others)
  3 fungi
  4 plants
7 creatures vanquished.

Grand Total: 215 creatures vanquished

Notes
Turn   | Place    | Note
-------+----------+-------------------------------------------
     0 | D:1      | groovy9 the Troll Berserker began the quest for the Orb.
     0 | D:1      | Reached XP level 1. HP: 22/22 MP: 0/0
   209 | D:1      | Reached XP level 2. HP: 29/29 MP: 1/1
   490 | D:1      | Gained mutation: You have a pair of small antennae on your
                  | head. [potion of mutation]
   774 | D:2      | Reached XP level 3. HP: 36/36 MP: 2/2
   787 | D:2      | Reached ** piety under Trog
  1412 | D:2      | Reached XP level 4. HP: 37/45 MP: 3/3
  1530 | D:3      | Identified the +2 ring mail of Ysool {Rampage rCorr MP-9}
  1670 | D:3      | Reached skill level 4 in Unarmed Combat
  1874 | D:4      | Reached XP level 5. HP: 53/53 MP: 4/4
  1966 | D:4      | Found a staircase to the Ecumenical Temple.
  2433 | D:5      | Entered Level 5 of the Dungeon
  2456 | D:5      | Reached XP level 6. HP: 44/62 MP: 5/5
  2569 | D:5      | Noticed Menkaure
  2581 | D:5      | Killed Menkaure
  2582 | D:5      | Reached skill level 5 in Unarmed Combat
  2586 | D:5      | Reached XP level 7. HP: 58/71 MP: 6/6
  2725 | D:5      | Found a glowing silver altar of Zin.
  2746 | D:5      | Reached *** piety under Trog
  2939 | D:5      | Noticed Prince Ribbit
  2951 | D:5      | Killed Prince Ribbit
  2952 | D:5      | Reached skill level 5 in Dodging
  2952 | D:5      | Reached skill level 6 in Unarmed Combat
  3046 | D:5      | Noticed Eustachio
  3063 | D:5      | Killed Eustachio
  3064 | D:5      | Reached skill level 5 in Fighting
  3064 | D:5      | Reached XP level 8. HP: 37/80 MP: 7/7
  3985 | D:6      | Found Poxidoun's Distillery.
  3994 | D:6      | Bought a potion of curing for 33 gold pieces
  3994 | D:6      | Bought a potion of curing for 33 gold pieces
  3994 | D:6      | Bought a potion of curing for 33 gold pieces
  4356 | D:6      | Reached skill level 7 in Unarmed Combat
  5056 | D:7      | Noticed Joseph
  5065 | D:7      | Killed Joseph
  5066 | D:7      | Reached XP level 9. HP: 91/91 MP: 8/8
  5393 | D:7      | Reached skill level 8 in Unarmed Combat
  5888 | D:8      | Noticed a two-headed ogre
  5895 | D:8      | Killed a two-headed ogre
  6062 | D:8      | Found a shimmering altar of Xom.
  6144 | D:8      | Reached **** piety under Trog
  6243 | D:8      | Reached XP level 10. HP: 95/102 MP: 9/9
  6401 | D:8      | Paralysed by a hornet for 3 turns
  6405 | D:8      | Paralysed by a hornet for 3 turns
  6412 | D:8      | Reached skill level 9 in Unarmed Combat
  6506 | D:8      | Found a staircase to the Lair.
  6506 | D:8      | Found a shimmering blue altar of Sif Muna.
  6601 | D:8      | Found a sacrificial altar of Ru.
  6646 | Lair:1   | Entered Level 1 of the Lair of Beasts
  6722 | Lair:1   | Reached skill level 1 in Throwing
  6724 | Lair:1   | Noticed a black mamba
  6730 | Lair:1   | Reached skill level 1 in Evocations
  6744 | Lair:1   | Killed a black mamba
  7097 | Lair:1   | Noticed a cane toad
  7102 | Lair:1   | Killed a cane toad
  7121 | Lair:1   | Reached XP level 11. HP: 65/111 MP: 10/10
  7143 | Lair:1   | Reached skill level 10 in Unarmed Combat
  7247 | Lair:1   | Found a dark tunnel.
  7346 | Lair:1   | Found a runed translucent door.
  7348 | Lair:1   | Noticed bwicke's ghost (journeyman OpGl)
  7348 | Lair:1   | Noticed a boulder beetle
  7748 | Lair:2   | Noticed Fannar
  7764 | Lair:2   | Killed Fannar
  7995 | Lair:2   | Found a staircase to the Shoals.
  8634 | Lair:3   | Noticed a five-headed hydra
  8642 | Lair:3   | Slain by a five-headed hydra

Illustrated notes

Levels and vault maps discovered:
D:1:      dpeg_arrival_snail, layout_basic
D:2:      layout_loops_corners
D:3:      layout_basic
D:4:      cheibrodos_pilgrimage, layout_basic, minmay_temple_entry_grid
D:5:      layout_layer_cave, marbit_many_paths, serial_glass, glass_columns_b,
          glass_columns_a, uniq_eustachio, uniq_prince_ribbit1, uniq_menkaure
D:6:      layout_basic, serial_shops, nicolae_stop_n_shop_2,
          eino_small_chamber_without_monster
D:7:      layout_gridville, minivault_1, st_stairs_11, uniq_joseph
D:8:      layout_rooms, nicolae_ru_path_of_blood, amcnicky_altar_gilded,
          mainiacjoe_overflow_paths, lair_entry_dummy, kennysheep_nub
Lair:1:   layout_chaotic_city, enter_volcano_1, ebering_ghost_inner_flame,
          serial_bayou_shore_a
Lair:2:   layout_long_grid, minmay_shoals_entry_hut, grunt_megastairs_2,
          uniq_fannar
Lair:3:   regret_index_harrowing_hell_hive, layout_cave_pods,
          guppyfry_snake_entry_garden

Skill      XL: |  1  2  3  4  5  6  7  8  9 10 11 |
---------------+----------------------------------+-----
Fighting       | 3 4 5 6 7 8 |  8.7
Dodging        | 3 4 5 6 7 8 |  8.7
Unarmed Combat | 4 5 6 7 8 9 10 | 10.4
Throwing       | 3 4 |  4.4
Evocations     | 2 3 |  3.6

Action                   |  1- 3 |  4- 6 |  7- 9 | 10-12 || total
-------------------------+-------+-------+-------+-------++-------
Melee: Unarmed           |    83 |   112 |   238 |   171 ||   604
       Punch             |       |     1 |     8 |    11 ||    20
Throw: Boomerang         |       |       |     4 |     1 ||     5
       Large rock        |       |       |       |     2 ||     2
Invok: Berserk           |       |     3 |     5 |     6 ||    14
       Trog's Hand       |       |     3 |     1 |     1 ||     5
Evoke: Wand              |       |       |       |     3 ||     3
  Use: Potion            |     3 |     1 |     1 |     7 ||    12
       Scroll            |     2 |     2 |     8 |     3 ||    15
 Stab: Sleeping          |     1 |       |       |       ||     1
Armor: Animal skin       |    26 |    24 |    37 |    18 ||   105
       Skin              |       |       |    12 |       ||    12
       Robe              |       |       |       |     7 ||     7
Dodge: Dodged            |    44 |    55 |   169 |   128 ||   396
